cohdb
Replays
Latest Replays
All Replays
Popular Replays
Top Player Replays
Match Explorer
How It Works
Community
CoH3 Stats
Reddit
Sign in to upload your games and track your stats! →
Sign in with Steam
Match 41987183
Unlisted
Match 41987183
Overview
Messages
Build Orders
End
Selects Australian Defense Battlegroup
Selects Australian Light Infantry Section
Australian Light Infantry Section
Construct Section Command Post
Infantry Section
Infantry Section
Grenade Package
ML 3-inch Mortar Team
Construct Platoon Command Post
Humber Armored Car
Selects CMP 15cwt Supply Run
Infantry Training
Unlock M3 Stuart Light Tanks
Vickers Machine Gun Team
M3 Stuart Light Tank
Construct Company Command Post
Matilda II Heavy Tank
Selects Reinforced Resource Caches
Foot Guards Section
CMP 15cwt Truck
Selects Archer Tank Destroyer
Archer Tank Destroyer
Schmarsten Ca$hgeier
pacman
UH|dun! ツ
UH|ck
0
0
Comments
sign in to comment!
No comments posted yet!